cohdb
Replays
Latest Replays
All Replays
Popular Replays
Top Player Replays
Match Explorer
How It Works
Community
CoH3 Stats
Reddit
Sign in to upload your games and track your stats! →
Sign in with Steam
Match 40064308
Unlisted
Match 40064308
Overview
Messages
Build Orders
End
Panzergrenadier Squad
Panzergrenadier Squad
Selects Battlefield Espionage Battlegroup
Construct Light Support Kompanie
Selects Intel Disruption Beacon
Panzerjäger Squad
2.5-tonne Medical Truck
Fire Support Elements
Veteran Squad Leaders
Selects Plunder
Selects 250/3 Funkpanzerwagen
Assault Mechanized Group
Rummel
PattonsFinest
^3
DIV 250 BigBoss
0
0
Comments
sign in to comment!
No comments posted yet!